 Dungeon Crawl Stone Soup version 0.26.1-2-gb8aa6d0cf2 (webtiles) character file.

Game seed: 6038716950516247890

226 jmmainvi the Ruffian (level 5, -3/52 HPs)
             Began as a Troll Hunter on Feb 13, 2021.
             Slain by a gnoll
             ... wielding a +0 spear of venom
              (10 damage)
             ... on level 4 of the Dungeon.
             The game lasted 00:16:12 (2433 turns).

jmmainvi the Ruffian (Troll Hunter)                 Turns: 2433, Time: 00:16:12

Health: -3/52      AC:  6    Str: 20    XL:     5   Next: 69%
Magic:  4/4        EV: 10    Int:  7    God:
Gold:   191        SH:  0    Dex: 11    Spells: 4/4 levels left

rFire    . . .     SeeInvis .     - Unarmed
rCold    . . .     Faith    .   (no shield)
rNeg     + . .     Spirit   .   m - +0 robe
rPois    +         Reflect  .   (helmet restricted)
rElec    .         Harm     .   (no cloak)
rCorr    .         Rampage  .   (gloves unavailable)
Will     .....                  (boots unavailable)
Stlth    +.........             (no amulet)
HPRegen  0.57/turn              u - ring of poison resistance
MPRegen  0.09/turn              v - ring of positive energy

@: lethally poisoned (-3 -> -4), very slightly contaminated, invisible
A: large, unfitting armour, claws 3, regeneration 1, shaggy fur 1, tough skin 3
a: no special abilities


You were on level 4 of the Dungeon.
You visited 1 branch of the dungeon, and saw 4 of its levels.

You collected 191 gold pieces.

Inventory:

Hand Weapons
 b - a +2 hunting sling of flaming
Missiles
 c - 5 large rocks (quivered)
 d - 2 throwing nets
 h - 11 sling bullets
 o - 3 silver javelins
Armour
 m - a +0 robe (worn)
Jewellery
 u - a ring of poison resistance (left claw)
 v - a ring of positive energy (right claw)
Wands
 l - a wand of digging (5)
Scrolls
 f - 6 scrolls of remove curse
 i - 2 scrolls of teleportation {unknown}
 n - 2 scrolls of enchant weapon {unknown}
 s - 3 scrolls of fear {unknown}
 t - a scroll of immolation {unknown}
Potions
 a - 3 potions of attraction
 e - 2 potions of might
 j - a potion of curing
 k - a potion of heal wounds
 r - a potion of brilliance


   Skills:
 + Level 2.9 Fighting
 - Level 4.0 Throwing
 - Level 1.5 Dodging
 - Level 0.3 Stealth
 * Level 4.2 Unarmed Combat


You had 4 spell levels left.
You didn't know any spells.
Your spell library was empty.

Dungeon Overview and Level Annotations

Branches:
Dungeon (4/15)
 Temple: D:4-7

Altars:
Gozag
Hepliaklqana
Ru
Vehumet

Annotations:
D:4 Dowan, Duvessa


Innate Abilities, Weirdness & Mutations

You are too large for most types of armour.
You have claws for hands.
Your natural rate of healing is unusually fast.
You are covered in fur. (AC +1)
You have extremely tough skin. (AC +3)


Message History

* * * LOW HITPOINT WARNING * * *
You are very lightly contaminated with residual magic.
You feel sick.
You see here 9 gold pieces.
You barely miss the gnoll.
The gnoll is lightly wounded.
You feel sick. Duvessa barely misses you. The gnoll barely misses you.
You barely miss the gnoll.
The gnoll is lightly wounded.
You hear the slow rusting of a distant drain.
You feel sick. Duvessa hits you with a +0 rapier.
* * * LOW HITPOINT WARNING * * *
The gnoll hits you but does no damage.
Dowan, Brother of Duvessa comes into view.
He is wielding a +0 dagger.
Dowan shouts!
You scratch the gnoll but do no damage.
The gnoll is lightly wounded.
You feel sick. Duvessa hits you but does no damage.
The gnoll hits you with a +0 spear of venom!
You die... ♣PP

♣....♣...§PP.....# ♣..♣
♣..♣.♣.♣♣.♣...####.#
♣♣.P♣♣♣.♣.♣.♣.§.........#
♣.PPP..♣♣.♣..♣.§....#####
...♣P.♣P...P♣.♣♣.....#
..P..♣..♣♣.?.♣.♣.....#
P♣♣..♣.♣.♣.###♣.P.♣..# ♣P
♣....e##.##♣.#...#
♣§...♣..#oe@g+#P....#
♣.§♣♣♣P.♣##.##.♣....# ♣♣§
♣♣.♣ ###PP..♣..# . .♣♣
♣♣.P.♣..# P . ♣♣♣♣###..#
.. #. .........## ##
########..# #..#
#..#######


You could see Duvessa, Dowan (wandering), a gnoll and an orc.

Vanquished Creatures
  2 orc wizards (D:4)
  A hound skeleton (D:2)
  Robin (D:3)
  A gnoll (D:4)
  6 adders
  An adder skeleton (D:4)
  A worm (D:2)
  A dart slug (D:1)
  3 leopard geckos
  An orc (D:4)
  2 ball pythons
  8 bats
  A giant cockroach (D:1)
  20 goblins
  12 hobgoblins
  2 quokkas (D:4)
  2 frilled lizards (D:1)
  6 kobolds
  A leopard gecko skeleton (D:4)
  3 rats
75 creatures vanquished.

Vanquished Creatures (others)
  11 plants (D:4)
11 creatures vanquished.

Grand Total: 86 creatures vanquished

Notes
Turn   | Place    | Note
-------+----------+-------------------------------------------
     0 | D:1      | jmmainvi the Troll Hunter began the quest for the Orb.
     0 | D:1      | Reached XP level 1. HP: 19/19 MP: 0/0
   102 | D:1      | Reached skill level 1 in Unarmed Combat
   212 | D:1      | Reached XP level 2. HP: 28/28 MP: 1/1
   534 | D:1      | Reached XP level 3. HP: 35/35 MP: 2/2
   801 | D:2      | Reached XP level 4. HP: 34/42 MP: 3/3
  1169 | D:2      | Found a radiant altar of Vehumet.
  1326 | D:2      | Found a hazy altar of Hepliaklqana.
  1573 | D:3      | Found a sacrificial altar of Ru.
  1592 | D:3      | Found an opulent altar of Gozag.
  1612 | D:3      | Noticed Robin
  1701 | D:3      | Killed Robin
  2132 | D:3      | Reached XP level 5. HP: 41/50 MP: 4/4
  2397 | D:4      | Noticed Duvessa
  2432 | D:4      | Noticed Dowan
  2433 | D:4      | Slain by a gnoll

Illustrated notes

Levels and vault maps discovered:
D:1:      minmay_arrival_loop, layout_loops_ring
D:2:      layout_loops_ring, marbit_many_paths, lemuel_coloured_pillars_altar,
          hangedman_decor_points
D:3:      layout_basic, lemuel_doored_altar, overflow_temple_1_default,
          uniq_robin
D:4:      wad_woods_tower, layout_basic, portal_sewer_entry_a, trog_wizard,
          uniq_duvessa, uniq_blork_the_orc, uniq_crazy_yiuf_cottage

Skill      XL: |  1  2  3  4  5 |
---------------+----------------+-----
Unarmed Combat | 1 2 3 4 |  4.2
Fighting       | 2 |  2.9
Throwing       | 4 |  4.0
Dodging        | |  1.5
Stealth        | |  0.3

Action                   |  1- 3 |  4- 6 || total
-------------------------+-------+-------++-------
Melee: Unarmed           |    84 |   122 ||   206
       Punch             |       |     1 ||     1
  Use: Scroll            |       |     8 ||     8
       Potion            |       |     2 ||     2
 Stab: Sleeping          |     2 |     1 ||     3
Armor: Robe              |    25 |    30 ||    55
Dodge: Dodged            |    46 |    60 ||   106
